Map: Alcyone LE

Players

Subwayeatn - Winner!

  • Race: Zerg Zerg
  • League: Diamond
  • Spawn Location: 7:00

xorro

  • Race: Protoss Protoss
  • League: Diamond
  • Spawn Location: 1:00

VOD

Have the link to the VOD?

Description

Time

  • Played on: Nov. 17, 2023, 10:29 a.m.
  • Length: 3:39
Show
View Real Time Build Order
Export as new Build Order

Subwayeatn Zerg - Winner!

Build Orders: 3 Hatch before Pool 

Get SALT Encoding   

  12  0:00  Drone  
  13  0:08  Drone  
  14  0:33  Hatchery  
  13  0:38  Drone  
  14  1:06  Hatchery  
  13  1:11  Drone  
  14  1:20  Spawning Pool  
  14  1:25  Drone  
  14  1:29  Extractor  
  14  1:31  Drone  
  15  1:41  Overlord  
  15  1:46  Drone x2  
  17  1:50  Drone  
  18  1:59  Drone x2  
  20  2:11  Queen  
  20  2:14  Zergling x2  
  20  2:15  Zergling x2  
  24  2:18  Zergling x2  
  24  2:19  Zergling x2  
  26  2:23  Zergling x2  
  26  2:29  Extractor  
  26  2:32  Queen  
  26  2:35  Zergling x2  
  29  2:43  Extractor  
  28  2:46  Zergling x6  
  31  2:55  Zergling x6  
  34  3:05  Overlord  
  34  3:06  Overlord  
  34  3:14  Overlord  
Show
View Real Time Build Order
Export as new Build Order

xorro Protoss 

Build Orders: 1 Gate Expand 

Get SALT Encoding   

  12  0:00  Probe  
  13  0:15  Probe  
  14  0:23  Pylon  
  14  0:27  Probe  
  15  0:28  Assimilator  
  15  0:41  Probe (Chrono Boost)  
  16  0:45  Gateway  
  16  0:51  Probe (Chrono Boost)  
  17  1:01  Probe  
  18  1:13  Probe  
  20  1:25  Probe  
  20  1:33  Nexus  
  20  1:38  Cybernetics Core  
  20  1:40  Probe  
  21  1:47  Assimilator  
  21  1:52  Probe  
  22  1:58  Pylon  
  22  2:04  Probe  
  23  2:16  Probe (Chrono Boost)  
  23  2:17  Stalker  
  26  2:28  Probe (Chrono Boost)  
  27  2:34  Probe (Chrono Boost)  
  28  2:37  Robotics Facility  
  28  2:42  Probe  
  29  2:50  Probe  
  30  2:52  Assimilator  
  30  2:54  Probe, Adept (Chrono Boost)  
  33  3:02  Probe  
  32  3:07  Probe  
  33  3:18  Pylon  
  33  3:19  Shield Battery  
  29  3:26  Probe  
  32  3:28  Stargate  
Tags
 
Add a new tag
Caveats
  • Supply blocks, unpowered buildings, or Contaminate may cause inaccurate times.
  • Supply counts are checked every 10 seconds.